Map: Pillars of Gold LE

Players

SKillous - Winner!

  • Race: Protoss Protoss
  • League: Grandmaster
  • Spawn Location: 1:00

MarineLorD

  • Race: Terran Terran
  • League: Master
  • Spawn Location: 7:00

Event: DreamHack SC2 Masters 2020 Winter

VOD

Have the link to the VOD?

Description

Time

  • Played on: Oct. 23, 2020, 1:34 p.m.
  • Length: 10:00

All games in this series

Show
View Real Time Build Order
Export as new Build Order

SKillous Protoss - Winner!

Build Orders: 1 Gate Expand, Phoenix Opening 

Get SALT Encoding   

  12  0:00  Probe  
  13  0:12  Probe  
  14  0:18  Pylon  
  14  0:24  Probe  
  15  0:36  Probe (Chrono Boost)  
  15  0:38  Gateway  
  16  0:46  Assimilator  
  16  0:47  Probe (Chrono Boost)  
  17  0:52  Probe (Chrono Boost)  
  18  1:03  Probe  
  19  1:15  Probe  
  20  1:25  Cybernetics Core  
  20  1:36  Nexus  
  20  1:39  Probe  
  21  1:45  Pylon  
  21  1:51  Probe  
  22  1:55  Assimilator  
  22  2:01  Adept (Chrono Boost)  
  22  2:03  Probe  
  25  2:15  Probe  
  25  2:18  Stargate  
  26  2:26  Stalker (Chrono Boost)  
  26  2:28  Probe  
  29  2:37  Warp Gate  
  29  2:42  Probe (Chrono Boost)  
  30  2:48  Probe (Chrono Boost)  
  31  2:52  Stalker  
  31  2:57  Probe (Chrono Boost)  
  31  2:58  Probe (Chrono Boost)  
  35  3:04  Probe  
  35  3:05  Phoenix (Chrono Boost)  
  38  3:07  Probe  
  39  3:16  Probe  
  39  3:17  Pylon  
  39  3:19  Probe  
  41  3:25  Phoenix (Chrono Boost)  
  41  3:28  Probe  
  41  3:33  Shield Battery  
  45  3:34  Probe  
  45  3:40  Probe  
  46  3:41  Shield Battery  
  47  3:48  Probe  
  47  3:49  Phoenix (Chrono Boost)  
  47  3:53  Probe  
  50  3:58  Gateway  
  47  4:05  Probe  
  47  4:07  Probe  
  49  4:17  Probe  
  49  4:19  Phoenix (Chrono Boost), Probe  
  49  4:23  Pylon  
  53  4:30  Probe  
  54  4:38  Nexus  
  54  4:41  Probe  
  54  4:45  Phoenix (Chrono Boost)  
  57  4:46  Probe  
  58  4:53  Probe  
  58  4:58  Probe  
  58  4:59  Twilight Council  
  58  5:04  Pylon  
  58  5:05  Probe  
  59  5:07  Phoenix (Chrono Boost)  
  59  5:11  Probe  
  62  5:14  Gateway  
  62  5:22  Probe  
  62  5:24  Phoenix (Chrono Boost)  
  62  5:25  Probe  
  66  5:28  Pylon  
  66  5:32  Sentry  
  66  5:34  Probe  
  69  5:37  Probe  
  69  5:39  Shield Battery  
  69  5:40  Pylon  
  70  5:45  Charge (Chrono Boost)  
  71  5:54  Gateway  
  71  5:56  Gateway  
  73  5:59  Pylon  
  73  6:02  Gateway x2  
  70  6:10  Gateway, Pylon, Probe x2  
  72  6:14  Phoenix (Chrono Boost)  
  72  6:16  Probe  
  75  6:21  Pylon  
  75  6:22  Probe  
  75  6:23  Probe  
  77  6:28  Probe  
  77  6:29  Pylon  
  77  6:31  Zealot x2, Sentry  
  84  6:34  Probe  
  84  6:35  Probe  
  84  6:39  Pylon  
  86  6:43  Assimilator  
  86  6:46  Probe  
  88  6:48  Assimilator  
  88  6:50  Shield Battery  
  88  6:53  Pylon, Zealot x3  
  93  7:02  Probe  
  93  7:03  Zealot x4  
  102  7:09  Zealot  
  102  7:11  Shield Battery  
  102  7:15  Zealot x2  
  108  7:20  Phoenix  
  110  7:27  Forge, Pylon, Probe  
  110  7:28  Probe, Templar Archives  
  110  7:29  Probe  
  113  7:41  Zealot x5  
  123  7:44  Assimilator  
  123  7:46  Assimilator  
  123  7:50  Zealot x2  
  127  7:53  Zealot  
  127  7:57  Protoss Ground Armor Level 1 (Chrono Boost)  
  129  8:04  Zealot x4  
  137  8:07  Zealot  
  137  8:12  High Templar x2  
  142  8:16  Archon  
  142  8:17  Zealot  
  142  8:23  Gateway  
  142  8:25  Zealot x3  
  126  8:35  Zealot x2  
  116  8:48  Zealot x5  
  114  8:52  Gateway  
  120  8:57  Zealot x2  
  120  9:02  Robotics Facility  
  124  9:05  Zealot x2  
  128  9:11  Zealot x4  
  128  9:14  Probe  
  137  9:26  Nexus  
  137  9:27  Pylon  
  137  9:29  High Templar x4  
  145  9:33  Archon  
  145  9:34  Archon  
  145  9:35  High Templar x3  
  145  9:36  High Templar  
  153  9:39  Archon  
  153  9:40  Archon  
  125  9:53  Zealot  
Show
View Real Time Build Order
Export as new Build Order

MarineLorD Terran 

Build Orders:  

Get SALT Encoding   

  12  0:00  SCV  
  13  0:12  SCV  
  14  0:17  Supply Depot  
  14  0:24  SCV  
  15  0:29  Refinery  
  15  0:39  SCV  
  16  0:45  Barracks  
  16  0:51  SCV  
  17  1:03  SCV  
  18  1:15  SCV  
  19  1:20  Supply Depot  
  19  1:34  Orbital Command  
  19  1:35  Marine  
  19  1:36  Factory  
  20  1:58  Barracks Reactor  
  20  2:00  SCV  
  21  2:12  SCV  
  21  2:15  Command Center  
  22  2:24  SCV  
  23  2:30  Starport  
  23  2:37  SCV  
  23  2:43  Hellion x2  
  28  2:49  SCV, Supply Depot  
  29  3:01  SCV  
  30  3:11  Medivac, Hellion x2  
  36  3:14  SCV  
  36  3:19  Barracks Tech Lab, Refinery  
  37  3:26  SCV  
  38  3:29  Orbital Command  
  38  3:40  SCV  
  39  3:47  Cyclone  
  39  3:48  Marine  
  43  3:50  Marine, Barracks  
  44  4:00  SCV  
  44  4:02  SCV  
  46  4:07  Orbital Command  
  46  4:08  Marine x2  
  44  4:14  SCV  
  41  4:19  Cyclone  
  41  4:22  Barracks  
  44  4:25  Marine x2  
  44  4:26  SCV  
  45  4:33  SCV  
  46  4:38  Barracks Tech Lab  
  46  4:39  SCV  
  46  4:43  Marine x2  
  46  4:45  SCV  
  50  4:51  SCV  
  51  4:57  SCV  
  51  4:58  Engineering Bay  
  52  5:00  Supply Depot  
  52  5:01  Factory Tech Lab, Stimpack  
  52  5:04  SCV  
  52  5:05  Refinery  
  53  5:09  SCV  
  53  5:14  Supply Depot  
  54  5:17  Supply Depot  
  54  5:21  Combat Shield, Marine x3, SCV  
  54  5:22  Marauder  
  54  5:23  Starport Reactor  
  54  5:26  Terran Infantry Weapons Level 1  
  60  5:29  SCV, Refinery  
  60  5:33  SCV  
  62  5:36  Supply Depot  
  62  5:39  Marine x3  
  62  5:41  SCV  
  66  5:42  Marine  
  66  5:43  Siege Tank  
  66  5:48  Supply Depot  
  70  5:54  SCV  
  70  5:55  SCV  
  72  5:58  Marauder  
  72  6:01  Marauder, Marine x2  
  78  6:09  Medivac x2  
  82  6:12  Supply Depot  
  82  6:20  Marine x2, Supply Depot  
  82  6:21  Marauder  
  82  6:22  Marauder  
  82  6:25  Siege Tank  
  91  6:29  Supply Depot  
  91  6:35  SCV x2  
  93  6:41  Concussive Shells  
  93  6:42  Marine x2, Marauder  
  93  6:44  Marauder  
  99  7:00  Missile Turret x2  
  99  7:01  Marine x2  
  98  7:05  Siege Tank  
  98  7:07  Marauder x2  
  105  7:09  Medivac x2  
  105  7:14  Supply Depot  
  109  7:26  Command Center  
  109  7:33  Marine x3  
  112  7:37  Terran Infantry Armor Level 1  
  112  7:39  SCV, Medivac x2  
  112  7:42  SCV  
  118  7:46  Supply Depot  
  118  7:47  Supply Depot  
  118  7:49  Marauder  
  118  7:51  Marine, Marauder  
  123  8:01  Barracks  
  123  8:02  Barracks  
  123  8:04  Siege Tank  
  126  8:21  Marine x2  
  126  8:22  Marauder x2  
  132  8:31  Medivac x2  
  117  8:36  Siege Tank  
  117  8:39  Marine x2  
  95  8:43  Marauder  
  95  8:44  Marauder  
  95  8:47  SCV x2  
  84  8:50  Barracks Tech Lab, Barracks Reactor  
  84  8:51  Orbital Command  
  84  9:00  SCV x2, Marine x2  
  88  9:04  Marauder  
  88  9:05  Marauder  
  88  9:09  Siege Tank  
  95  9:12  Marauder  
  97  9:18  Marine x2  
  97  9:21  Orbital Command  
  102  9:26  Marauder x2  
  102  9:28  Marine x2  
  108  9:31  SCV x2  
  108  9:33  Marauder  
  108  9:36  Marine x2  
Tags
 
Add a new tag
Caveats
  • Supply blocks, unpowered buildings, or Contaminate may cause inaccurate times.
  • Supply counts are checked every 10 seconds.